 Dungeon Crawl Stone Soup version 0.27-a0-1365-ge71e8f7681 (webtiles) character file.

Game seed: 8675993384133192233

100 27snakeeyes612 the Skirmisher (level 4, -3/33 HPs)
             Began as an Octopode Fighter on June 28, 2021.
             Slain by Sigmund (15 damage)
             ... on level 3 of the Dungeon.
             The game lasted 00:02:18 (2470 turns).

27snakeeyes612 the Skirmisher (Octopode Fighter)    Turns: 2470, Time: 00:02:18

Health: -3/33      AC:  3    Str: 16    XL:     4   Next: 73%
Magic:  4/4        EV: 11    Int: 10    God:
Gold:   80         SH:  9    Dex: 11    Spells: 3/3 levels left

rFire    . . .     SeeInvis .   g - +0 hand axe
rCold    . . .     Faith    .   b - +0 kite shield
rNeg     . . .     Spirit   .   i - +2 hat
rPois    .         Reflect  .   (no amulet)
rElec    .         Harm     .   (no ring)
rCorr    .         Rampage  .   (no ring)
Will     .....                  (no ring)
Stlth    +++.......             (no ring)
HPRegen  0.11/turn              (no ring)
MPRegen  0.09/turn              (no ring)
                                (no ring)
                                (no ring)

@: flying
A: almost no armour, amphibious, 8 rings, camouflage 1, gelatinous body 1,
(nimble swimmer 1), tentacles
a: no special abilities


You were on level 3 of the Dungeon.
You visited 1 branch of the dungeon, and saw 3 of its levels.

You collected 80 gold pieces.

Inventory:

Hand Weapons
 a - a +0 war axe
 g - a +0 hand axe (weapon)
Armour
 b - a +0 kite shield (worn)
 i - a +2 hat (worn)
Scrolls
 j - a scroll of teleportation
 k - a scroll of enchant weapon {unknown}
Potions
 c - a potion of flight
 d - a potion of lignification {unknown}
 f - 2 potions of brilliance {unknown}
 h - a potion of ambrosia {unknown}


   Skills:
 + Level 3.7 Fighting
 + Level 2.6 Axes
 + Level 3.6 Dodging
 + Level 2.3 Stealth
 + Level 3.4 Shields


You had 3 spell levels left.
You didn't know any spells.
Your spell library was empty.

Dungeon Overview and Level Annotations

Branches:
Dungeon (3/15)

Altars:

Annotations:
D:3 2 exclusions, Sigmund


Innate Abilities, Weirdness & Mutations

You cannot wear most types of armour.
You are amphibious.
You can wear up to eight rings at the same time.
Your skin changes colour to match your surroundings (Stealth+).
Your rubbery body absorbs attacks. (AC +1, EV +1)
((You are camouflaged near water. (Stealth+)))
You have tentacles for arms and can constrict up to eight enemies at once.


Message History

Sigmund is nearby!
Sigmund is nearby!
Sigmund points at you and mumbles some strange words.
You are confused.
Sigmund points at you and mumbles some strange words.
The magic dart hits you.
Sigmund laughs darkly.
You're too confused to move!
Sigmund points at you and mumbles some strange words.
The puff of flame misses you.
You bump into the rock wall.
You feel less confused.
There is an open door here.
It was a potion of flight.
You feel very buoyant.
You fly up into the air.
Sigmund says, "Your kind have come here before.
I understand now why.
You desire death..."
Sigmund barely misses you.
As you read the scroll of summoning, it crumbles to dust.
Wisps of shadow whirl around you...
Sigmund drinks a potion.
Sigmund seems to grow stronger.
You block Sigmund's attack.
Your endoplasm freezes Sigmund.
Sigmund is frozen.
There is an open door here.
You swap places.
Sigmund gestures wildly while chanting.
Sigmund flickers and vanishes!
Deactivating autopickup; reactivate with Ctrl-A.
Your endoplasm hits something but does no damage.
You hear some strange, mumbled words.
Something tries to affect you, but you resist.
Your endoplasm hits something but does no damage.
You hit something but do no damage. Your squeeze misses something.
Something hits you.
Your endoplasm freezes something.
You miss something. Something hits you!
Your endoplasm freezes something.
Something hits you!
You die...

###+###.##..........
#.......##'######.#.
#.......#......<#.#.
######.......#.....###.##
.............#.....# #...
..........##.#....## ####
..........##.#....#
.........# #...####
........@# #...# ........{#
#...# ###+######J###.#####
##### #.......(rS.##.....#
#...# #...........##.....#
#...#
#......###'###.....####...#
#......#≈≈.≈≈#........'...'
####+###≈.÷(≈#........#...#
+ #.#.'..#..'........#...#


You could see a friendly endoplasm (summoned), a friendly ball python (summoned)
and a friendly rat (summoned).

Vanquished Creatures
  Robin (D:2)
  3 adders
  A dart slug (D:3)
  3 ball pythons
  6 bats
  5 endoplasms (D:1)
  2 giant cockroaches
  10 goblins
  8 hobgoblins
  A jackal (D:3)
  A quokka (D:1)
  9 frilled lizards
  2 kobolds (D:2)
  7 rats
59 creatures vanquished.

Vanquished Creatures (others)
  8 plants (D:1)
8 creatures vanquished.

Grand Total: 67 creatures vanquished

Notes
Turn   | Place    | Note
-------+----------+-------------------------------------------
     0 | D:1      | 27snakeeyes612 the Octopode Fighter began the quest for the
                  | Orb.
     0 | D:1      | Reached XP level 1. HP: 16/16 MP: 1/1
   226 | D:1      | Reached XP level 2. HP: 21/21 MP: 2/2
   707 | D:1      | Reached skill level 1 in Stealth
   858 | D:1      | Reached XP level 3. HP: 24/26 MP: 3/3
  1580 | D:2      | Noticed Robin
  1606 | D:2      | Killed Robin
  1641 | D:2      | Reached XP level 4. HP: 24/31 MP: 4/4
  2312 | D:3      | Noticed Sigmund
  2470 | D:3      | Slain by Sigmund

Illustrated notes

Levels and vault maps discovered:
D:1:      dpeg_arrival_stone_temple_mockup, layout_basic, serial_curves,
          eino_curves_01, eino_curves_02, hangedman_decor_riveting,
          minmay_lizard_king
D:2:      layout_loops_ring, hex_tiny, roderic_lattice_a, dk_noncrumbling_3,
          uniq_robin
D:3:      layout_basic, marbit_many_paths, kennysheep_generic_room_13,
          uniq_sigmund

Skill      XL: |  1  2  3  4 |
---------------+-------------+-----
Stealth        | 1 2 |  2.3
Fighting       | |  3.7
Axes           | |  2.6
Dodging        | |  3.6
Shields        | |  3.4

Action                   |  1- 3 |  4- 6 || total
-------------------------+-------+-------++-------
Melee: War axe           |    14 |       ||    14
       Constrict         |    12 |    15 ||    27
       Tentacles         |    12 |    12 ||    24
       Hand axe          |    40 |    42 ||    82
  Use: Scroll            |     1 |     2 ||     3
       Potion            |     1 |     1 ||     2
 Stab: Sleeping          |     6 |     3 ||     9
Armor: Skin              |     6 |     9 ||    15
Dodge: Dodged            |    12 |    12 ||    24
Block: Kite shield       |    20 |    18 ||    38

Table legend: (Time is in decaauts)
 A = Elapsed time spent in this place.
 B = Non-inter-level travel time spent in this place.
 C = Inter-level travel time spent in this place.
 D = Time resting spent in this place.
 E = Time spent auto-exploring this place.
 F = Levels seen in this place.
 G = Mean time per level.
                   A        B        C        D        E       F      G
               +--------+--------+--------+--------+--------+-----+--------+
         Total |   2512 |   2462 |     50 |     30 |   2033 |   3 |  837.3 |
       Dungeon |   2512 |   2462 |     50 |     30 |   2033 |   3 |  837.3 |
               +--------+--------+--------+--------+--------+-----+--------+

Top non-repeatable levels by time:
     D:1: 1119 daAuts
     D:2: 1082 daAuts
     D:3: 310 daAuts
